 Dungeon Crawl Stone Soup version 0.19-a0-854-gc78d25d (webtiles) character file.

294 Ijustatesigmund the Skirmisher (level 6, 0/50 HPs)
             Began as a Demonspawn Gladiator on July 1, 2016.
             Slain by a worker ant (5 damage)
             ... on level 4 of the Dungeon.
             The game lasted 00:03:48 (1201 turns).

Ijustatesigmund the Skirmisher (DsGl)               Turns: 1201, Time: 00:03:49

Health: 0/50       AC: 10    Str: 13 (15) XL:     6   Next: 11%
Magic:  6/6        EV: 10    Int: 13 (15) God:
Gold:   74         SH:  0    Dex: 14 (15) Spells: 0 memorised, 5 levels left

rFire  . . .     SeeInvis .     a - +0 flail
rCold  . . .     Gourm    .     j - +0 scale mail
rNeg   . . .     Faith    .     (no shield)
rPois  .         Spirit   .     (helmet restricted)
rElec  .         Dismiss  .     c - +1 cloak
rCorr  .         Reflect  .     i - +0 pair of gloves
SustAt .         Harm     .     g - +0 pair of boots
MR     +....                    (no amulet)
Stlth  ++........               (no ring)
                                b - ring of protection from magic

@: brilliant, lethally poisoned (0 -> -4), somewhat resistant to hostile
enchantments, unstealthy
A: claws 1, hooves 1, horns 1, nightstalker 2
a: no special abilities


You were on level 4 of the Dungeon.
You were not hungry.

You visited 1 branch of the dungeon, and saw 4 of its levels.

You collected 74 gold pieces.

Inventory:

Hand Weapons
 a - a +0 flail (weapon)
Missiles
 d - 3 throwing nets (quivered)
Armour
 c - a +1 cloak (worn)
 e - a +2 helmet
 g - a +0 pair of boots (worn)
 i - a +0 pair of gloves (worn)
 j - a +0 scale mail (worn)
Jewellery
 b - a ring of protection from magic (left hand)
Scrolls
 m - a scroll of identify
Comestibles
 f - a bread ration
 h - 2 meat rations


   Skills:
 + Level 4.8 Fighting
 + Level 4.7 Maces & Flails
 - Level 1.7 Throwing
 - Level 2.6 Dodging


You had 5 spell levels left.
You didn't know any spells.

Dungeon Overview and Level Annotations

Branches:
Dungeon (4/15)
 Temple: D:4-7

Altars:


Innate Abilities, Weirdness & Mutations

You have sharp fingernails.
You have large cloven feet.
You have a pair of small horns on your head.
You are significantly more attuned to the shadows.


Message History

The worker ant poisons you! The giant cockroach closely misses you.
The worker ant bites you.
* * * LOW HITPOINT WARNING * * *
Your scale mail prevents you from hitting the worker ant.
You headbutt the worker ant, but do no damage.
The worker ant is severely wounded.
You feel sick. The giant cockroach bites you.
* * * LOW HITPOINT WARNING * * *
The worker ant bites you but does no damage.
The giant cockroach barely misses you.
You hit the worker ant.
The worker ant is severely wounded.
* * * LOW HITPOINT WARNING * * *
You feel sick.
The worker ant bites you but does no damage.
The giant cockroach barely misses you. The worker ant barely misses you.
You hit the worker ant but do no damage.
The worker ant is severely wounded.
The giant cockroach barely misses you. The worker ant bites you.
You die...

.### ....#
#.%..#######
...........#
#...s@a$...#.
#......<.....
.###.........
...#.......
..###.......
## ########


You could see a worker ant and a giant cockroach.

Vanquished Creatures
  Grinder (D:3)
  Robin (D:2)
  3 adders
  2 worms
  2 dart slugs (D:1)
  3 bats
  2 giant cockroaches (D:3)
  7 goblins
  11 hobgoblins
  4 jackals (D:1)
  8 kobolds
  7 rats (D:1)
51 creatures vanquished.

Notes
Turn   | Place    | Note
-------+----------+-------------------------------------------
     0 | D:1      | Ijustatesigmund the Demonspawn Gladiator began the quest for the Orb.
     0 | D:1      | Reached XP level 1. HP: 16/16 MP: 1/1
   141 | D:1      | Gained mutation: You have large cloven feet. [demonic ancestry]
   141 | D:1      | Reached XP level 2. HP: 20/23 MP: 2/2
   733 | D:1      | Gained mutation: You are slightly more attuned to the shadows. [demonic ancestry]
   733 | D:1      | Reached XP level 3. HP: 26/29 MP: 3/3
   881 | D:2      | Noticed Robin
   917 | D:2      | Killed Robin
   993 | D:2      | Gained mutation: You have a pair of small horns on your head. [demonic ancestry]
   993 | D:2      | Reached XP level 4. HP: 33/36 MP: 4/4
  1048 | D:3      | Noticed Grinder
  1084 | D:3      | Killed Grinder
  1084 | D:3      | Gained mutation: You have sharp fingernails. [demonic ancestry]
  1084 | D:3      | Reached XP level 5. HP: 5/43 MP: 5/5
  1084 | D:3      | Gained mutation: You are significantly more attuned to the shadows. [demonic ancestry]
  1084 | D:3      | Reached XP level 6. HP: 6/50 MP: 6/6
  1201 | D:4      | Slain by a worker ant

Vault maps used:
D:1:      dpeg_arrival_leaves_temple_mockup, roderic_digamma_sauvastika,
          minmay_misc_feat_doors, minivault_26, serial_bayou_lagoon_a
D:2:      first_bread, uniq_robin, uniq_natasha
D:3:      lemuel_crystal_altar, uniq_sigmund, uniq_grinder
D:4:      kennysheep_okawaru_gauntlet, minmay_bent

Skill      XL: |  1  2  3  4 |
---------------+-------------+-----
Maces & Flails | 3 4 |  4.7
Fighting       | 3 4 |  4.8
Throwing       | |  1.7
Dodging        | |  2.6

Action                   |  1- 3 |  4- 6 || total
-------------------------+-------+-------++-------
Melee: Flail             |   153 |    48 ||   201
       Headbutt          |       |    10 ||    10
  Use: Scroll            |     1 |     1 ||     2
       Potion            |     1 |     3 ||     4
 Stab: Sleeping          |       |     1 ||     1
  Eat: Chunk             |     1 |       ||     1
Armor: Leather armour    |    18 |       ||    18
       Scale mail        |    50 |    29 ||    79
Dodge: Dodged            |   103 |    41 ||   144
